Map: Dusk Towers

Players

FLORENCIO - Winner!

  • Race: Protoss Protoss
  • League: Master

Russkiy

  • Race: Zerg Zerg
  • League: Master

VOD

Have the link to the VOD?

Description

Time

  • Played on: May 15, 2016, 4:47 p.m.
  • Length: 10:50
Show
View Real Time Build Order
Export as new Build Order

FLORENCIO Protoss - Winner!

Build Orders: 1 Gate Expand, Oracle Opening 

Get SALT Encoding   

  12  0:01  Probe (Chrono Boost)  
  13  0:11  Probe (Chrono Boost)  
  14  0:22  Probe (Chrono Boost)  
  14  0:27  Pylon  
  15  0:46  Probe (Chrono Boost)  
  15  0:48  Gateway  
  16  0:55  Assimilator  
  16  0:56  Probe (Chrono Boost)  
  17  0:59  Assimilator  
  17  1:07  Probe (Chrono Boost)  
  18  1:17  Probe (Chrono Boost)  
  19  1:28  Probe (Chrono Boost)  
  20  1:38  Probe (Chrono Boost), Nexus  
  21  1:49  Probe (Chrono Boost)  
  21  1:54  Cybernetics Core  
  22  1:59  Probe (Chrono Boost)  
  23  2:05  Pylon  
  23  2:23  Probe (Chrono Boost)  
  24  2:30  Stalker  
  24  2:34  Mothership Core (Chrono Boost)  
  28  2:39  Pylon  
  28  2:50  Probe (Chrono Boost)  
  28  2:52  Probe (Chrono Boost)  
  30  3:02  Probe (Chrono Boost)  
  30  3:04  Probe (Chrono Boost)  
  32  3:09  Stargate  
  32  3:13  Probe (Chrono Boost)  
  32  3:14  Stargate  
  32  3:17  Probe (Chrono Boost)  
  34  3:22  Stargate  
  34  3:24  Probe (Chrono Boost)  
  35  3:27  Probe (Chrono Boost)  
  36  3:34  Probe (Chrono Boost), Assimilator  
  36  3:38  Probe (Chrono Boost)  
  36  3:39  Assimilator  
  38  3:45  Probe (Chrono Boost)  
  39  3:53  Probe (Chrono Boost)  
  39  3:54  Oracle  
  44  3:55  Probe (Chrono Boost)  
  44  4:08  Probe x2 (Chrono Boost)  
  44  4:09  Oracle  
  49  4:19  Forge  
  49  4:30  Pylon  
  49  4:32  Probe x2 (Chrono Boost)  
  49  4:33  Oracle  
  54  4:38  Pylon  
  54  4:48  Oracle x2  
  54  4:50  Pylon  
  60  4:58  Pylon  
  60  5:06  Photon Cannon  
  60  5:09  Pylon, Oracle  
  63  5:18  Photon Cannon  
  63  5:23  Photon Cannon  
  63  5:47  Photon Cannon  
  63  5:50  Photon Cannon  
  61  6:09  Oracle x2 (Chrono Boost)  
  70  6:13  Oracle (Chrono Boost)  
  70  6:18  Photon Cannon  
  70  6:19  Pylon  
  70  6:20  Nexus  
  70  6:25  Pylon  
  70  6:30  Probe  
  71  6:35  Pylon  
  71  6:36  Pylon  
  71  6:37  Pylon  
  71  6:42  Probe  
  71  6:47  Photon Cannon  
  71  6:53  Void Ray (Chrono Boost)  
  79  6:59  Void Ray (Chrono Boost)  
  79  7:03  Photon Cannon  
  70  7:40  Void Ray x2 (Chrono Boost)  
  82  7:45  Void Ray (Chrono Boost)  
  82  7:48  Pylon  
  82  8:17  Void Ray (Chrono Boost)  
  82  8:19  Assimilator  
  90  8:20  Void Ray (Chrono Boost)  
  90  8:25  Assimilator  
  94  8:27  Probe x2  
  94  8:28  Void Ray (Chrono Boost)  
  96  8:39  Probe x2  
  98  8:50  Pylon  
  98  8:51  Probe  
  98  8:52  Pylon  
  99  9:08  Void Ray x2 (Chrono Boost)  
  107  9:16  Void Ray (Chrono Boost)  
  102  9:48  Void Ray (Chrono Boost)  
  110  9:59  Void Ray (Chrono Boost)  
  97  10:26  Phoenix x2 (Chrono Boost)  
Show
View Real Time Build Order
Export as new Build Order

Russkiy Zerg 

Build Orders: 3 Hatch before Pool 

Get SALT Encoding   

  12  0:01  Drone  
  13  0:13  Overlord  
  13  0:17  Drone  
  14  0:31  Drone x2  
  14  0:35  Drone  
  17  0:53  Hatchery  
  16  1:00  Drone  
  17  1:24  Drone  
  18  1:27  Extractor  
  18  1:28  Drone  
  18  1:31  Hatchery  
  17  1:38  Spawning Pool  
  16  1:41  Drone  
  16  1:45  Drone  
  18  1:50  Drone  
  19  1:57  Drone  
  20  2:06  Drone  
  21  2:09  Drone  
  22  2:15  Drone  
  22  2:20  Overlord  
  23  2:28  Drone, Queen  
  26  2:31  Queen  
  26  2:36  Metabolic Boost  
  28  2:46  Evolution Chamber, Drone x2  
  28  2:49  Drone  
  31  2:51  Drone  
  31  2:54  Drone  
  32  3:01  Queen  
  34  3:13  Zerg Melee Weapons Level 1  
  34  3:16  Drone x4  
  34  3:17  Drone  
  39  3:24  Overlord  
  39  3:25  Overlord  
  39  3:31  Zergling x6  
  42  3:38  Overlord  
  42  3:44  Zergling x4  
  42  3:46  Drone  
  42  3:47  Drone  
  42  3:48  Zergling x10  
  49  3:50  Zergling x2  
  49  3:53  Zergling x2  
  53  3:58  Overlord  
  53  4:04  Drone  
  53  4:08  Zergling x2  
  53  4:09  Zergling x2  
  56  4:15  Overlord x2  
  57  4:17  Zergling x4  
  57  4:18  Zergling x6  
  57  4:19  Zergling x4  
  57  4:20  Zergling x2  
  64  4:25  Zergling x2  
  64  4:26  Zergling x4  
  64  4:28  Zergling x2  
  68  4:33  Zergling x2  
  69  4:39  Overlord  
  69  4:44  Lair  
  69  4:56  Overlord  
  69  4:59  Drone  
  71  5:00  Drone x6  
  71  5:01  Drone x4  
  71  5:04  Extractor  
  71  5:05  Extractor  
  71  5:07  Extractor, Drone  
  77  5:08  Drone  
  78  5:17  Drone x2  
  79  5:23  Overlord  
  77  5:32  Drone x5  
  78  5:41  Zergling x2  
  78  5:42  Zergling x12  
  81  5:43  Zergling x2  
  81  5:44  Zergling x2  
  81  5:50  Zergling x2, Hydralisk Den  
  76  6:01  Zergling x6  
  76  6:04  Extractor x2  
  76  6:08  Spore Crawler  
  76  6:09  Spore Crawler  
  76  6:10  Zergling x4, Spore Crawler  
  69  6:11  Spore Crawler  
  69  6:14  Spore Crawler  
  69  6:16  Spore Crawler  
  69  6:17  Spore Crawler  
  65  6:18  Spore Crawler  
  65  6:21  Spore Crawler  
  65  6:22  Spore Crawler x3  
  65  6:23  Spore Crawler  
  58  6:32  Drone  
  58  6:33  Drone x6  
  58  6:34  Drone x2  
  64  6:45  Hydralisk x5  
  64  6:46  Hydralisk  
  74  6:53  Hydralisk  
  75  6:54  Hydralisk  
  75  7:01  Hydralisk  
  76  7:02  Overlord  
  64  7:18  Hydralisk x3  
  64  7:19  Hydralisk  
  58  7:47  Spire  
  54  7:54  Drone x3  
  54  7:55  Drone x6  
  54  7:56  Drone x3  
  64  8:01  Queen  
  66  8:14  Queen  
  66  8:16  Drone  
  66  8:17  Drone x5  
  74  8:23  Evolution Chamber  
  74  8:25  Evolution Chamber  
  72  8:29  Drone x2  
  74  8:58  Mutalisk x2  
  74  8:59  Mutalisk x6  
  74  9:00  Mutalisk  
  92  9:09  Mutalisk x2  
  92  9:10  Mutalisk x2  
  88  9:31  Mutalisk x5  
  97  9:41  Mutalisk  
  97  9:42  Mutalisk  
  101  9:58  Spore Crawler x3  
  101  9:59  Overlord x4, Spore Crawler  
  95  10:10  Mutalisk  
  95  10:11  Mutalisk  
Tags
 
Add a new tag
Caveats
  • Supply blocks, unpowered buildings, or Contaminate may cause inaccurate times.
  • Supply counts are checked every 10 seconds.